 Dungeon Crawl Stone Soup version 0.18-a0-1778-gadce9fa (webtiles) character file.

96 M4edhros the Sneak (level 4, 0/28 HPs)
             Began as an Octopode Artificer on Apr 16, 2016.
             Slain by a giant frog (2 damage)
             ... on level 3 of the Dungeon.
             The game lasted 00:02:33 (1477 turns).

M4edhros the Sneak (Octopode Artificer)             Turns: 1477, Time: 00:02:34

Health: 0/28       AC:  1    Str:  7 (10) XL:     4   Next: 67%
Magic:  6/6        EV: 17    Int: 12 (14) God:
Gold:   101        SH:  0    Dex: 16 (18) Spells: 1 memorised, 2 levels left

rFire  . . .     SeeInvis .     o - +3 short sword (drain)
rCold  . . .     Gourm    .     (no shield)
rNeg   . . .     Faith    .     (helmet restricted)
rPois  .         Spirit   .     (no amulet)
rElec  .         Dismiss  .     (no ring)
rCorr  .         Reflect  .     (no ring)
SustAt .         Harm     .     (no ring)
MR     .....                    (no ring)
Stlth  ++++++....               (no ring)
                                (no ring)
                                (no ring)
                                (no ring)

@: agile, very slightly contaminated, not resistant to hostile enchantments,
very stealthy
A: almost no armour, amphibious, 8 rings, constrict 8, camouflage 1, gelatinous
body 1
a: no special abilities


You were on level 3 of the Dungeon.
You were near starving.

You visited 1 branch of the dungeon, and saw 3 of its levels.

You collected 101 gold pieces.

Inventory:

Hand Weapons
 o - a +3 short sword of draining (weapon)
 t - a +2 dagger of electrocution
 v - a +0 hunting sling
Missiles
 s - 6 javelins (quivered)
 w - 6 poisoned sling bullets
Wands
 b - a wand of flame (15/48)
 c - a wand of enslavement (13/24)
 d - a wand of random effects (13/48)
 p - a wand of hasting (2/9)
Scrolls
 h - a scroll of random uselessness {unknown}
 j - 4 scrolls of remove curse {unknown}
 k - 3 scrolls of identify {unknown}
 m - a scroll of noise {unknown}
 n - a scroll of immolation {unknown}
 r - a scroll of enchant armour {unknown}
Potions
 q - a potion of flight {unknown}
 u - a potion of mutation {unknown}
 x - a potion of curing {unknown}
Books
 a - a book of Changes

   Spells                             Type                      Level
   a - Beastly Appendage              Transmutation                1
   b - Sticks to Snakes               Transmutation                2
   c - Spider Form                    Transmutation/Poison         3
   d - Ice Form                       Ice/Transmutation            4
   e - Blade Hands                    Transmutation                5
Comestibles
 f - 3 bread rations
 g - a chunk of flesh
 i - 2 meat rations


   Skills:
 - Level 1.0 Fighting
 - Level 1.0 Short Blades
 - Level 2.0 Dodging
 + Level 5.9 Stealth
 + Level 1.0 Transmutations
 - Level 3.2 Evocations


You had 2 spell levels left.
You knew the following spells:

 Your Spells              Type           Power        Failure   Level  Hunger
a - Beastly Appendage     Trmt           #.....       21%         1    ##.....


Dungeon Overview and Level Annotations

Branches:
Dungeon (3/15)

Altars:
Nemelex Xobeh


Innate Abilities, Weirdness & Mutations

You cannot wear most types of armour.
You are amphibious.
You can wear up to eight rings at the same time.
You can use your tentacles to constrict eight enemies at once.
Your skin changes colour to match your surroundings (Stealth).
Your rubbery body absorbs attacks (AC +1).


Message History

Found 18 stones.
x - a blue potion A giant frog comes into view.
The giant frog croaks.
The giant frog hits you!
A giant cockroach comes into view.
Drink which item? (? for menu, Esc to quit)
It was a potion of agility.
You feel agile all of a sudden. The giant frog closely misses you.
The giant frog hits you.
* * * LOW HITPOINT WARNING * * *
You barely miss the giant frog. Your grab misses the giant frog.
Your squeeze misses the giant frog. The giant frog hits you.
* * * LOW HITPOINT WARNING * * *
Drink which item? (? for menu, Esc to quit)
It was a potion of degeneration.
There was something very wrong with that liquid.
You feel weakened.
You feel dopey.
You feel clumsy. The giant frog completely misses you. The giant frog hits you.
You die...

.. #.# . #.# . . #.# #.
#. #.# #. ## #..#s# #.#
.. ###.
......##.######.# ##...
.......#.#.>..#.# #....
.....(F@......#.####....
..#####.................
##.......###.....<
###.........#....
#..#...........
##...####......
#...#.........
.....#.####.... ..##.##
#.......


You could see a giant frog and a giant cockroach.

Vanquished Creatures
  Jessica (D:2)
  An adder (D:2)
  An ooze (D:2)
  4 dart slugs
  A giant gecko (D:2)
  An orc (D:3)
  3 bats (D:2)
  2 giant cockroaches (D:1)
  3 goblins
  6 hobgoblins
  A giant newt (D:1)
  6 kobolds
  2 rats (D:2)
32 creatures vanquished.

Vanquished Creatures (collateral kills)
  An orc priest (D:2)
1 creature vanquished.

Vanquished Creatures (others)
  A kobold (D:2)
1 creature vanquished.

Grand Total: 34 creatures vanquished

Notes
Turn   | Place    | Note
--------------------------------------------------------------
     0 | D:1      | M4edhros the Octopode Artificer began the quest for the Orb.
     0 | D:1      | Reached XP level 1. HP: 13/13 MP: 3/3
    83 | D:1      | Reached skill level 2 in Stealth
   297 | D:1      | Reached XP level 2. HP: 18/18 MP: 4/4
   320 | D:1      | Reached skill level 3 in Stealth
   647 | D:1      | Found a sparkling altar of Nemelex Xobeh.
   907 | D:2      | Reached skill level 4 in Stealth
   907 | D:2      | Reached XP level 3. HP: 23/23 MP: 5/5
  1162 | D:2      | Noticed Jessica
  1163 | D:2      | Reached skill level 5 in Stealth
  1170 | D:2      | Killed Jessica
  1170 | D:2      | Reached XP level 4. HP: 28/28 MP: 6/6
  1264 | D:2      | Learned a level 1 spell: Beastly Appendage
  1405 | D:3      | Reached skill level 1 in Transmutations
  1472 | D:3      | Noticed a giant frog
  1477 | D:3      | Slain by a giant frog

Vault maps used:
D:1:      noname_arrival_rooms_in_the_neighbourhood, nemelex_deck
D:2:      gammafunk_temple_overflow_statue, first_bread, uniq_jessica
D:3:      minmay_rat_hole

Skill      XL: |  1  2  3  4 |
---------------+-------------+-----
Stealth        | 2 4 5 |  5.9
Transmutations | 1 |  1.0
Fighting       | |  1.0
Short Blades   | |  1.0
Dodging        | |  2.0
Evocations     | |  3.2

Action                   |  1- 3 |  4- 6 || total
-------------------------+-------+-------++-------
Melee: Short sword       |    42 |    12 ||    54
       Constrict         |     9 |     1 ||    10
       Tentacles         |     5 |       ||     5
Evoke: Wand              |       |     5 ||     5
  Use: Potion            |       |     4 ||     4
 Stab: Sleeping          |     5 |     2 ||     7
Armor: Skin              |     1 |     2 ||     3
Dodge: Dodged            |    21 |    19 ||    40
